Workbook

Sheet Intro
A1: Introduction

Sheet Crop Data
A1: Crop Data
A3: Wheat Production ('000 tonnes) | V3: Western Australia, Production
A4: Year | B4: Western Australia | C4: NSW | D4: Victoria | E4: Queens-land | F4: South Australia | G4: Tasmania | H4: Australia | V4: Year | W4: Wheat | X4: Barley | Y4: Canola | Z4: Oats | AA4: Lupins | AB4: Pulses | AC4: Other (All but wheat) | AD4: Total
A5: 2000 | B5: 9004 | C5: 8602 | D5: 2642 | E5: 1904 | F5: 2586 | G5: 20 | H5: =SUM(B5:G5) -> 24758 | W5: '000 tonnes | X5: '000 tonnes | Y5: '000 tonnes | Z5: '000 tonnes | AA5: '000 tonnes | AB5: '000 tonnes | AC5: '000 tonnes | AD5: '000 tonnes
A6: 2001 | B6: 5814 | C6: 7867 | D6: 3080 | E6: 1157 | F6: 4162 | G6: 26 | H6: =SUM(B6:G6) -> 22106 | V6: 2015 | W6: 9200 | X6: 3073 | Y6: 1543 | Z6: 513 | AA6: 452 | AB6: 35 | AC6: =SUM(X6:AB6) -> 5616 | AD6: =W6 + AC6 -> 14816
A7: 2002 | B7: 7760 | C7: 8043 | D7: 2791 | E7: 901 | F7: 4778 | G7: 25 | H7: =SUM(B7:G7) -> 24298 | V7: 2016 | W7: 10165 | X7: 4167 | Y7: 2150 | Z7: 926 | AA7: 714 | AB7: 36 | AC7: =SUM(X7:AB7) -> 7993 | AD7: =W7 + AC7 -> 18158
A8: 2003 | B8: 4047 | C8: 2497 | D8: 890 | E8: 601 | F8: 2072 | G8: 25 | H8: =SUM(B8:G8) -> 10132 | V8: 2017 | W8: 7600 | X8: 3800 | Y8: 1900 | Z8: 480 | AA8: 450 | AB8: 45 | AC8: =SUM(X8:AB8) -> 6675 | AD8: =W8 + AC8 -> 14275
A9: 2004 | B9: 11070 | C9: 7290 | D9: 3145 | E9: 1110 | F9: 3490 | G9: 26 | H9: =SUM(B9:G9) -> 26131 | V9: 2018 | W9: 9690 | X9: 4315 | Y9: 1605 | Z9: 550 | AA9: 595 | AB9: 43 | AC9: =SUM(X9:AB9) -> 7108 | AD9: =W9 + AC9 -> 16798
A10: 2005 | B10: 8619 | C10: 7537 | D10: 1927 | E10: 1170 | F10: 2621 | G10: 30 | H10: =SUM(B10:G10) -> 21904 | V10: 2019 | W10: 5380 | X10: 3980 | Y10: 1090 | Z10: 395 | AA10: 330 | AB10: 33 | AC10: =SUM(X10:AB10) -> 5828 | AD10: =W10 + AC10 -> 11208
A11: 2006 | B11: 9088 | C11: 8049 | D11: 2909 | E11: 1218 | F11: 3853 | G11: 34 | H11: =SUM(B11:G11) -> 25151 | V11: 2020 | W11: 8900 | X11: 4200 | Y11: 1625 | Z11: 585 | AA11: 570 | AB11: 83 | AC11: =SUM(X11:AB11) -> 7063 | AD11: =W11 + AC11 -> 15963
A12: 2007 | B12: 5134 | C12: 2568 | D12: 879 | E12: 777 | F12: 1446 | G12: 18 | H12: =SUM(B12:G12) -> 10822 | V12: 2021 | W12: 12890 | X12: 6370 | Y12: 3130 | Z12: 735 | AA12: 780 | AB12: 104 | AC12: =SUM(X12:AB12) -> 11119 | AD12: =W12 + AC12 -> 24009
A13: 2008 | B13: 5820 | C13: 2477 | D13: 1995 | E13: 954 | F13: 2296 | G13: 27 | H13: =SUM(B13:G13) -> 13569 | V13: 2022 | W13: 12600 | X13: 6150 | Y13: 3980 | Z13: 565 | AA13: 600 | AB13: 72 | AC13: =SUM(X13:AB13) -> 11367 | AD13: =W13 + AC13 -> 23967
A14: 2009 | B14: 8274 | C14: 6963 | D14: 1756 | E14: 2016 | F14: 2376 | G14: 35 | H14: =SUM(B14:G14) -> 21420 | V14: average | W14: =AVERAGE(W6:W13) -> 9553.125 | X14: =AVERAGE(X6:X13) -> 4506.875 | Y14: =AVERAGE(Y6:Y13) -> 2127.875 | Z14: =AVERAGE(Z6:Z13) -> 593.625 | AA14: =AVERAGE(AA6:AA13) -> 561.375 | AB14: =AVERAGE(AB6:AB13) -> 56.375 | AC14: =SUM(X14:AB14) -> 7846.125 | AD14: =W14 + AC14 -> 17399.25
A15: 2010 | B15: 8114 | C15: 5350 | D15: 2995 | E15: 1346 | F15: 4001 | G15: 27 | H15: =SUM(B15:G15) -> 21833
A16: 2011 | B16: 5005 | C16: 10488 | D16: 4412 | E16: 1524 | F16: 5949 | G16: 32 | H16: =SUM(B16:G16) -> 27410
A17: 2012 | B17: 11045 | C17: 8473 | D17: 3943 | E17: 1886 | F17: 4525 | G17: 32 | H17: =SUM(B17:G17) -> 29904
A18: 2013 | B18: 6645 | C18: 7081 | D18: 3460 | E18: 1528 | F18: 3715 | G18: 31 | H18: =SUM(B18:G18) -> 22460
A19: 2014 | B19: 9977 | C19: 6596 | D19: 3396 | E19: 1036 | F19: 4254 | G19: 43 | H19: =SUM(B19:G19) -> 25302
A20: 2015 | B20: 8824 | C20: 6654 | D20: 2631 | E20: 987 | F20: 4602 | G20: 44 | H20: =SUM(B20:G20) -> 23742
A21: 2016 | B21: 8511 | C21: 6898 | D21: 1815 | E21: 1316 | F21: 3679 | G21: 53 | H21: =SUM(B21:G21) -> 22272
A22: 2017 | B22: 9645 | C22: 9819 | D22: 4665 | E22: 1502 | F22: 6133 | G22: 56 | H22: =SUM(B22:G22) -> 31820
A23: 2018 | B23: 7699 | C23: 4703 | D23: 3682 | E23: 765 | F23: 4052 | G23: 0 | H23: =SUM(B23:G23) -> 20901
A24: 2019 | B24: 9979 | C24: 1850 | D24: 2277 | E24: 420 | F24: 3025 | G24: 0 | H24: =SUM(B24:G24) -> 17551
A25: 2020 | B25: 5842 | C25: 1772 | D25: 3714 | E25: 418 | F25: 2689 | G25: 44 | H25: =SUM(B25:G25) -> 14479
A26: 2021 | B26: 8793 | C26: 12972 | D26: 4525 | E26: 1594 | F26: 3982 | G26: 56 | H26: =SUM(B26:G26) -> 31922
A27: 2022 | B27: 12600
A28: avg10 | B28: =AVERAGE(B18:B27) -> 8851.5 | C28: =AVERAGE(C17:C26) -> 6681.8 | D28: =AVERAGE(D17:D26) -> 3410.8 | E28: =AVERAGE(E17:E26) -> 1145.2 | F28: =AVERAGE(F17:F26) -> 4065.6 | G28: =AVERAGE(G17:G26) -> 35.9 | H28: =AVERAGE(H17:H26) -> 24035.3
A30: Wheat Area ('000 hectares)
A31: Year | B31: Western Australia | C31: NSW | D31: Victoria | E31: Queens-land | F31: South Australia | G31: Tasmania | H31: Australia
A32: 2000 | B32: 4556 | C32: 3425 | D32: 1235 | E32: 1096 | F32: 1850 | G32: 6 | H32: =SUM(B32:G32) -> 12168
A33: 2001 | B33: 4460 | C33: 3671 | D33: 1143 | E33: 885 | F33: 1976 | G33: 7 | H33: =SUM(B33:G33) -> 12142
A34: 2002 | B34: 4350 | C34: 3446 | D34: 1136 | E34: 604 | F34: 1987 | G34: 6 | H34: =SUM(B34:G34) -> 11529
A35: 2003 | B35: 4458 | C35: 2995 | D35: 1239 | E35: 514 | F35: 1957 | G35: 7 | H35: =SUM(B35:G35) -> 11170
A36: 2004 | B36: 4917 | C36: 3984 | D36: 1409 | E36: 790 | F36: 1960 | G36: 8 | H36: =SUM(B36:G36) -> 13068
A37: 2005 | B37: 5118 | C37: 4256 | D37: 1327 | E37: 711 | F37: 1979 | G37: 7 | H37: =SUM(B37:G37) -> 13398
A38: 2006 | B38: 4753 | C38: 3554 | D38: 1315 | E38: 778 | F38: 2035 | G38: 8 | H38: =SUM(B38:G38) -> 12443
A39: 2007 | B39: 4037 | C39: 3596 | D39: 1347 | E39: 638 | F39: 2173 | G39: 7 | H39: =SUM(B39:G39) -> 11798
A40: 2008 | B40: 4258 | C40: 4009 | D40: 1514 | E40: 669 | F40: 2121 | G40: 7 | H40: =SUM(B40:G40) -> 12578
A41: 2009 | B41: 4542 | C41: 4322 | D41: 1534 | E41: 1020 | F41: 2104 | G41: 9 | H41: =SUM(B41:G41) -> 13531
A42: 2010 | B42: 5001 | C42: 4098 | D42: 1793 | E42: 984 | F42: 2148 | G42: 7 | H42: =SUM(B42:G42) -> 14031
A43: 2011 | B43: 4640 | C43: 3815 | D43: 1793 | E43: 905 | F43: 2341 | G43: 8 | H43: =SUM(B43:G43) -> 13502
... A53: 2021 | B53: 4388 | C53: 4037 | D53: 1413 | E53: 966 | F53: 1831 | G53: 8.2 | H53: =SUM(B53:G53) -> 12643.2
A54: 2022 | B54: 4950
A55: avg10 | B55: =AVERAGE(B45:B54) -> 4625.17 | C55: =AVERAGE(C44:C53) -> 3111.9 | D55: =AVERAGE(D44:D53) -> 1470.1 | E55: =AVERAGE(E44:E53) -> 693.1 | F55: =AVERAGE(F44:F53) -> 1945.5 | G55: =AVERAGE(G44:G53) -> 6.54 | H55: =AVERAGE(H44:H53) -> 11872.91
A57: Wheat Yield (tonnes per hectare)
A58: Year | B58: Western Australia | C58: NSW | D58: Victoria | E58: Queens-land | F58: South Australia | G58: Tasmania | H58: Australia
A59: 2000 | B59: =B5 / B32 -> 1.976295 | C59: =C5 / C32 -> 2.5115328 | D59: =D5 / D32 -> 2.1392713 | E59: =E5 / E32 -> 1.7372263 | F59: =F5 / F32 -> 1.3978378 | G59: =G5 / G32 -> 3.3333333 | H59: =AVERAGE(B59:G59) -> 2.1825828
A60: 2001 | B60: =B6 / B33 -> 1.3035874 | C60: =C6 / C33 -> 2.1430128 | D60: =D6 / D33 -> 2.6946632 | E60: =E6 / E33 -> 1.3073446 | F60: =F6 / F33 -> 2.1062753 | G60: =G6 / G33 -> 3.7142857 | H60: =AVERAGE(B60:G60) -> 2.2115282
A61: 2002 | B61: =B7 / B34 -> 1.783908 | C61: =C7 / C34 -> 2.3340104 | D61: =D7 / D34 -> 2.4568662 | E61: =E7 / E34 -> 1.4917219 | F61: =F7 / F34 -> 2.4046301 | G61: =G7 / G34 -> 4.1666667 | H61: =AVERAGE(B61:G61) -> 2.4396339
A62: 2003 | B62: =B8 / B35 -> 0.90780619 | C62: =C8 / C35 -> 0.83372287 | D62: =D8 / D35 -> 0.71832123 | E62: =E8 / E35 -> 1.1692607 | F62: =F8 / F35 -> 1.0587634 | G62: =G8 / G35 -> 3.5714286 | H62: =AVERAGE(B62:G62) -> 1.3765505
A63: 2004 | B63: =B9 / B36 -> 2.2513728 | C63: =C9 / C36 -> 1.8298193 | D63: =D9 / D36 -> 2.2320795 | E63: =E9 / E36 -> 1.4050633 | F63: =F9 / F36 -> 1.7806122 | G63: =G9 / G36 -> 3.25 | H63: =AVERAGE(B63:G63) -> 2.1248245
A64: 2005 | B64: =B10 / B37 -> 1.6840563 | C64: =C10 / C37 -> 1.7709117 | D64: =D10 / D37 -> 1.4521477 | E64: =E10 / E37 -> 1.6455696 | F64: =F10 / F37 -> 1.3244063 | G64: =G10 / G37 -> 4.2857143 | H64: =AVERAGE(B64:G64) -> 2.0271343
A65: 2006 | B65: =B11 / B38 -> 1.9120555 | C65: =C11 / C38 -> 2.2647721 | D65: =D11 / D38 -> 2.2121673 | E65: =E11 / E38 -> 1.5655527 | F65: =F11 / F38 -> 1.8933661 | G65: =G11 / G38 -> 4.25 | H65: =AVERAGE(B65:G65) -> 2.3496523
A66: 2007 | B66: =B12 / B39 -> 1.2717364 | C66: =C12 / C39 -> 0.71412681 | D66: =D12 / D39 -> 0.65256125 | E66: =E12 / E39 -> 1.2178683 | F66: =F12 / F39 -> 0.66543948 | G66: =G12 / G39 -> 2.5714286 | H66: =AVERAGE(B66:G66) -> 1.1821935
A67: 2008 | B67: =B13 / B40 -> 1.3668389 | C67: =C13 / C40 -> 0.61785982 | D67: =D13 / D40 -> 1.3177015 | E67: =E13 / E40 -> 1.426009 | F67: =F13 / F40 -> 1.0825083 | G67: =G13 / G40 -> 3.8571429 | H67: =AVERAGE(B67:G67) -> 1.6113434
A68: 2009 | B68: =B14 / B41 -> 1.8216645 | C68: =C14 / C41 -> 1.6110597 | D68: =D14 / D41 -> 1.1447197 | E68: =E14 / E41 -> 1.9764706 | F68: =F14 / F41 -> 1.1292776 | G68: =G14 / G41 -> 3.8888889 | H68: =AVERAGE(B68:G68) -> 1.9286801
A69: 2010 | B69: =B15 / B42 -> 1.6224755 | C69: =C15 / C42 -> 1.3055149 | D69: =D15 / D42 -> 1.6703848 | E69: =E15 / E42 -> 1.3678862 | F69: =F15 / F42 -> 1.8626629 | G69: =G15 / G42 -> 3.8571429 | H69: =AVERAGE(B69:G69) -> 1.9476779
A70: 2011 | B70: =B16 / B43 -> 1.0786638 | C70: =C16 / C43 -> 2.7491481 | D70: =D16 / D43 -> 2.4606804 | E70: =E16 / E43 -> 1.6839779 | F70: =F16 / F43 -> 2.5412217 | G70: =G16 / G43 -> 4 | H70: =AVERAGE(B70:G70) -> 2.4189487
... A76: 2017 | B76: =B22 / B49 -> 2.0617785 | C76: =C22 / C49 -> 3.0230911 | D76: =D22 / D49 -> 3.2083906 | E76: =E22 / E49 -> 2.414791 | F76: =F22 / F49 -> 2.8158861 | G76: =G22 / G49 -> 5.6 | H76: =AVERAGE(B76:G76) -> 3.1873229
A77: 2018 | B77: =B23 / B50 -> 1.8977077 | C77: =C23 / C50 -> 1.6838525 | D77: =D23 / D50 -> 2.544575 | E77: =E23 / E50 -> 1.1971831 | F77: =F23 / F50 -> 2.0506073 | H77: =AVERAGE(B77:G77) -> 1.8747851
A78: 2019 | B78: =B24 / B51 -> 2.2840467 | C78: =C24 / C51 -> 0.77665827 | D78: =D24 / D51 -> 1.6229508 | E78: =E24 / E51 -> 1 | F78: =F24 / F51 -> 1.6611752 | H78: =AVERAGE(B78:G78) -> 1.4689662
A79: 2020 | B79: =B25 / B52 -> 1.4136037 | C79: =C25 / C52 -> 0.83114447 | D79: =D25 / D52 -> 2.5990203 | E79: =E25 / E52 -> 0.9478458 | F79: =F25 / F52 -> 1.5624637 | G79: =G25 / G52 -> 6.1111111 | H79: =AVERAGE(B79:G79) -> 2.2441982
A80: 2021 | B80: =B26 / B53 -> 2.0038742 | C80: =C26 / C53 -> 3.2132772 | D80: =D26 / D53 -> 3.2024062 | E80: =E26 / E53 -> 1.6501035 | F80: =F26 / F53 -> 2.1747679 | G80: =G26 / G53 -> 6.8292683 | H80: =AVERAGE(B80:G80) -> 3.1789496
A81: 2022 | B81: =B27 / B54 -> 2.5454545
A82: avg10 | B82: =AVERAGE(B72:B81) -> 1.9103975 | C82: =AVERAGE(C71:C80) -> 2.0344831 | D82: =AVERAGE(D71:D80) -> 2.3135846 | E82: =AVERAGE(E71:E80) -> 1.5978207 | F82: =AVERAGE(F71:F80) -> 2.0775522 | G82: =AVERAGE(G71:G80) -> 5.4964571 | H82: =AVERAGE(H71:H80) -> 2.4375083
A84: Barley Production ('000 tonnes)
A85: Year | B85: Western Australia | C85: NSW | D85: Victoria | E85: Queens-land | F85: South Australia | G85: Tasmania | H85: Australia
A86: 2000 | B86: 1117 | C86: 1040 | D86: 1189 | E86: 254 | F86: 1409 | G86: 22 | H86: =SUM(B86:G86) -> 5031
A87: 2001 | B87: 1358 | C87: 1253 | D87: 1670 | E87: 115 | F87: 2320 | G87: 26 | H87: =SUM(B87:G87) -> 6742
A88: 2002 | B88: 2263 | C88: 1382 | D88: 1656 | E88: 171 | F88: 2782 | G88: 26 | H88: =SUM(B88:G88) -> 8280
A89: 2003 | B89: 1349 | C89: 428 | D89: 478 | E89: 148 | F89: 1440 | G89: 21 | H89: =SUM(B89:G89) -> 3864
A90: 2004 | B90: 3170 | C90: 1955 | D90: 2275 | E90: 263 | F90: 2691 | G90: 28 | H90: =SUM(B90:G90) -> 10382
A91: 2005 | B91: 2489 | C91: 1761 | D91: 1305 | E91: 178 | F91: 1979 | G91: 28 | H91: =SUM(B91:G91) -> 7740
A92: 2006 | B92: 2400 | C92: 2336 | D92: 2004 | E92: 166 | F92: 2548 | G92: 28 | H92: =SUM(B92:G92) -> 9482
A93: 2007 | B93: 1808 | C93: 753 | D93: 605 | E93: 79 | F93: 996 | G93: 16 | H93: =SUM(B93:G93) -> 4257
A94: 2008 | B94: 2719 | C94: 814 | D94: 1789 | E94: 143 | F94: 1672 | G94: 22 | H94: =SUM(B94:G94) -> 7159
A95: 2009 | B95: 3007 | C95: 1449 | D95: 1461 | E95: 173 | F95: 1877 | G95: 29 | H95: =SUM(B95:G95) -> 7996
A96: 2010 | B96: 2554 | C96: 1236 | D96: 1865 | E96: 113 | F96: 2068 | G96: 29 | H96: =SUM(B96:G96) -> 7865
A97: 2011 | B97: 1549 | C97: 2194 | D97: 1945 | E97: 146 | F97: 2122 | G97: 39 | H97: =SUM(B97:G97) -> 7995
... A107: 2021 | B107: 4611 | C107: 4258 | D107: 2918 | E107: 434 | F107: 2395 | G107: 30.84 | H107: =SUM(B107:G107) -> 14646.84
A108: 2022 | B108: 6150
A109: avg10 | B109: =AVERAGE(B99:B108) -> 3966 | C109: =AVERAGE(C98:C107) -> 1885.9 | D109: =AVERAGE(D98:D107) -> 2103.8 | E109: =AVERAGE(E98:E107) -> 242.8 | F109: =AVERAGE(F98:F107) -> 2002.7 | G109: =AVERAGE(G98:G107) -> 22.7746 | H109: =AVERAGE(H98:H107) -> 9885.0746
A111: Barley Area ('000 hectares)
A112: Year | B112: Western Australia | C112: NSW | D112: Victoria | E112: Queens-land | F112: South Australia | G112: Tasmania | H112: Australia
A113: 2000 | B113: 550 | C113: 476 | D113: 585 | E113: 130 | F113: 845 | G113: 9 | H113: =SUM(B113:G113) -> 2595
A114: 2001 | B114: 983 | C114: 615 | D114: 693 | E114: 112 | F114: 1041 | G114: 10 | H114: =SUM(B114:G114) -> 3454
A115: 2002 | B115: 1088 | C115: 665 | D115: 700 | E115: 96 | F115: 1151 | G115: 7 | H115: =SUM(B115:G115) -> 3707
A116: 2003 | B116: 1140 | C116: 636 | D116: 778 | E116: 108 | F116: 1194 | G116: 8 | H116: =SUM(B116:G116) -> 3864
A117: 2004 | B117: 1278 | C117: 951 | D117: 872 | E117: 151 | F117: 1216 | G117: 9 | H117: =SUM(B117:G117) -> 4477
A118: 2005 | B118: 1313 | C118: 1023 | D118: 924 | E118: 97 | F118: 1280 | G118: 8 | H118: =SUM(B118:G118) -> 4645
A119: 2006 | B119: 1192 | C119: 1068 | D119: 856 | E119: 146 | F119: 1175 | G119: 8 | H119: =SUM(B119:G119) -> 4445
A120: 2007 | B120: 1083 | C120: 902 | D120: 913 | E120: 81 | F120: 1193 | G120: 7 | H120: =SUM(B120:G120) -> 4179
A121: 2008 | B121: 1381 | C121: 1049 | D121: 1107 | E121: 113 | F121: 1244 | G121: 8 | H121: =SUM(B121:G121) -> 4902
A122: 2009 | B122: 1559 | C122: 977 | D122: 1136 | E122: 92 | F122: 1240 | G122: 11 | H122: =SUM(B122:G122) -> 5015
A123: 2010 | B123: 1400 | C123: 972 | D123: 985 | E123: 69 | F123: 1012 | G123: 9 | H123: =SUM(B123:G123) -> 4447
A124: 2011 | B124: 1101 | C124: 878 | D124: 802 | E124: 94 | F124: 795 | G124: 11 | H124: =SUM(B124:G124) -> 3681
... A134: 2021 | B134: 1844 | C134: 1371 | D134: 1012 | E134: 227 | F134: 1031 | G134: 5.423 | H134: =SUM(B134:G134) -> 5490.423
A135: 2022 | B135: 1620
A136: avg10 | B136: =AVERAGE(B126:B135) -> 1557.9 | C136: =AVERAGE(C125:C134) -> 856.6 | D136: =AVERAGE(D125:D134) -> 912 | E136: =AVERAGE(E125:E134) -> 119.6 | F136: =AVERAGE(F125:F134) -> 891.4 | G136: =AVERAGE(G125:G134) -> 5.7546 | H136: =AVERAGE(H125:H134) -> 4305.8546
A138: Barley Yield (tonnes per hectare)
...

Sheet Frost & Drought Analysis
A1: Frost & Drought Analysis
A3: Summary
C4: Wheat | E4: Barley
C5: AFP | D5: HB4 | E5: AFP
B6: million tonnes | C6: =K29 * 0.001 -> 3.6759871 | D6: =K32 * 0.001 -> 4.326354 | E6: =K41 * 0.001 -> 1.5118349
B7: AUD, billions | C7: =R29 * 0.001 -> 1.3784951 | D7: =R32 * 0.001 -> 1.6223828 | E7: =R41 * 0.001 -> 0.41575461
A9: Yield Loss Due to Frost Damage
B10: No AFP % | C10: With AFP %
A11: Direct | B11: 6 | C11: 1
A12: Indirect | B12: 9 | C12: 1
A13: Total | B13: =B11 + B12 -> 15 | C13: =C11 + C12 -> 2
A15: Yield Loss Due to Drought
B16: No HB4 % | C16: With HB4 %
A17: Total | B17: 20 | C17: 2
A19: Grain Prices
B20: Wheat | C20: Barley
A21: AUD / t | B21: 375 | C21: 275
A23: Wheat
E24: Production ('000 tonnes) | L24: Value (AUD m)
E25: WA | F25: NSW | G25: Vic | H25: Qld | I25: SA | J25: Tas | K25: Australia | L25: WA | M25: NSW | N25: Vic | O25: Qld | P25: SA | Q25: Tas | R25: Australia
A26: 10 year average | E26: ='Crop Data'!B28 -> 8851.5 | F26: ='Crop Data'!C28 -> 6681.8 | G26: ='Crop Data'!D28 -> 3410.8 | H26: ='Crop Data'!E28 -> 1145.2 | I26: ='Crop Data'!F28 -> 4065.6 | J26: ='Crop Data'!G28 -> 35.9 | K26: ='Crop Data'!H28 -> 24035.3 | L26: =E26 * $B$21 * 0.001 -> 3319.3125 | M26: =F26 * $B$21 * 0.001 -> 2505.675 | N26: =G26 * $B$21 * 0.001 -> 1279.05 | O26: =H26 * $B$21 * 0.001 -> 429.45 | P26: =I26 * $B$21 * 0.001 -> 1524.6 | Q26: =J26 * $B$21 * 0.001 -> 13.4625 | R26: =K26 * $B$21 * 0.001 -> 9013.2375
A27: Frost losses, no AFP | E27: =E$26 * $B$13 * 0.01 / (1 - $B$13 * 0.01) -> 1562.0294 | F27: =F$26 * $B$13 * 0.01 / (1 - $B$13 * 0.01) -> 1179.1412 | G27: =G$26 * $B$13 * 0.01 / (1 - $B$13 * 0.01) -> 601.90588 | H27: =H$26 * $B$13 * 0.01 / (1 - $B$13 * 0.01) -> 202.09412 | I27: =I$26 * $B$13 * 0.01 / (1 - $B$13 * 0.01) -> 717.45882 | J27: =J$26 * $B$13 * 0.01 / (1 - $B$13 * 0.01) -> 6.3352941 | K27: =K$26 * $B$13 * 0.01 / (1 - $B$13 * 0.01) -> 4241.5235 | L27: =E27 * $B$21 * 0.001 -> 585.76103 | M27: =F27 * $B$21 * 0.001 -> 442.17794 | N27: =G27 * $B$21 * 0.001 -> 225.71471 | O27: =H27 * $B$21 * 0.001 -> 75.785294 | P27: =I27 * $B$21 * 0.001 -> 269.04706 | Q27: =J27 * $B$21 * 0.001 -> 2.3757353 | R27: =K27 * $B$21 * 0.001 -> 1590.5713
A28: Frost losses, with AFP | E28: =E$26 * $C$13 * 0.01 / (1 - $B$13 * 0.01) -> 208.27059 | F28: =F$26 * $C$13 * 0.01 / (1 - $B$13 * 0.01) -> 157.21882 | G28: =G$26 * $C$13 * 0.01 / (1 - $B$13 * 0.01) -> 80.254118 | H28: =H$26 * $C$13 * 0.01 / (1 - $B$13 * 0.01) -> 26.945882 | I28: =I$26 * $C$13 * 0.01 / (1 - $B$13 * 0.01) -> 95.661176 | J28: =J$26 * $C$13 * 0.01 / (1 - $B$13 * 0.01) -> 0.84470588 | K28: =K$26 * $C$13 * 0.01 / (1 - $B$13 * 0.01) -> 565.53647 | L28: =E28 * $B$21 * 0.001 -> 78.101471 | M28: =F28 * $B$21 * 0.001 -> 58.957059 | N28: =G28 * $B$21 * 0.001 -> 30.095294 | O28: =H28 * $B$21 * 0.001 -> 10.104706 | P28: =I28 * $B$21 * 0.001 -> 35.872941 | Q28: =J28 * $B$21 * 0.001 -> 0.31676471 | R28: =K28 * $B$21 * 0.001 -> 212.07618
A29: Potential savings due to AFP | E29: =E27 - E28 -> 1353.7588 | F29: =F27 - F28 -> 1021.9224 | G29: =G27 - G28 -> 521.65176 | H29: =H27 - H28 -> 175.14824 | I29: =I27 - I28 -> 621.79765 | J29: =J27 - J28 -> 5.4905882 | K29: =K27 - K28 -> 3675.9871 | L29: =L27 - L28 -> 507.65956 | ... R29: =R27 - R28 -> 1378.4951
A30: Drought losses, no HB4 | E30: =E$26 * $B$17 * 0.01 / (1 - $B$17 * 0.01) -> 2212.875 | F30: =F$26 * $B$17 / 100 -> 1336.36 | G30: =G$26 * $B$17 / 100 -> 682.16 | H30: =H$26 * $B$17 / 100 -> 229.04 | I30: =I$26 * $B$17 / 100 -> 813.12 | J30: =J$26 * $B$17 / 100 -> 7.18 | K30: =K$26 * $B$17 / 100 -> 4807.06 | L30: =E30 * $B$21 * 0.001 -> 829.82812 | M30: =F30 * $B$21 * 0.001 -> 501.135 | N30: =G30 * $B$21 * 0.001 -> 255.81 | O30: =H30 * $B$21 * 0.001 -> 85.89 | P30: =I30 * $B$21 * 0.001 -> 304.92 | Q30: =J30 * $B$21 * 0.001 -> 2.6925 | R30: =K30 * $B$21 * 0.001 -> 1802.6475
A31: Drought losses, with HB4 | E31: =E$26 * $C$17 * 0.01 / (1 - $B$17 * 0.01) -> 221.2875 | F31: =F$26 * $C$17 / 100 -> 133.636 | G31: =G$26 * $C$17 / 100 -> 68.216 | H31: =H$26 * $C$17 / 100 -> 22.904 | I31: =I$26 * $C$17 / 100 -> 81.312 | J31: =J$26 * $C$17 / 100 -> 0.718 | K31: =K$26 * $C$17 / 100 -> 480.706 | L31: =E31 * $B$21 * 0.001 -> 82.982813 | M31: =F31 * $B$21 * 0.001 -> 50.1135 | N31: =G31 * $B$21 * 0.001 -> 25.581 | O31: =H31 * $B$21 * 0.001 -> 8.589 | P31: =I31 * $B$21 * 0.001 -> 30.492 | Q31: =J31 * $B$21 * 0.001 -> 0.26925 | R31: =K31 * $B$21 * 0.001 -> 180.26475
A32: Potential savings due to HB4 | E32: =E30 - E31 -> 1991.5875 | F32: =F30 - F31 -> 1202.724 | G32: =G30 - G31 -> 613.944 | H32: =H30 - H31 -> 206.136 | I32: =I30 - I31 -> 731.808 | J32: =J30 - J31 -> 6.462 | K32: =K30 - K31 -> 4326.354 | L32: =L30 - L31 -> 746.84531 | ... R32: =R30 - R31 -> 1622.3828
A33: Potential savings due to AFP and HB4 | E33: =E29 + E32 -> 3345.3463 | F33: =F29 + F32 -> 2224.6464 | G33: =G29 + G32 -> 1135.5958 | H33: =H29 + H32 -> 381.28424 | I33: =I29 + I32 -> 1353.6056 | J33: =J29 + J32 -> 11.952588 | K33: =K29 + K32 -> 8002.3411 | L33: =L29 + L32 -> 1254.5049 | ... R33: =R29 + R32 -> 3000.8779
A35: Barley
E36: Production ('000 tonnes) | L36: Value (AUD m)
E37: WA | F37: NSW | G37: Vic | H37: Qld | I37: SA | J37: Tas | K37: Australia | L37: WA | M37: NSW | N37: Vic | O37: Qld | P37: SA | Q37: Tas | R37: Australia
A38: 10 year average | E38: ='Crop Data'!B109 -> 3966 | F38: ='Crop Data'!C109 -> 1885.9 | G38: ='Crop Data'!D109 -> 2103.8 | H38: ='Crop Data'!E109 -> 242.8 | I38: ='Crop Data'!F109 -> 2002.7 | J38: ='Crop Data'!G109 -> 22.7746 | K38: ='Crop Data'!H109 -> 9885.0746 | L38: =E38 * $C$21 * 0.001 -> 1090.65 | M38: =F38 * $C$21 * 0.001 -> 518.6225 | N38: =G38 * $C$21 * 0.001 -> 578.545 | O38: =H38 * $C$21 * 0.001 -> 66.77 | P38: =I38 * $C$21 * 0.001 -> 550.7425 | Q38: =J38 * $C$21 * 0.001 -> 6.263015 | R38: =K38 * $C$21 * 0.001 -> 2718.3955
A39: Frost losses, no AFP | E39: =E$38 * $B$13 * 0.01 / (1 - $B$13 * 0.01) -> 699.88235 | F39: =F$38 * $B$13 * 0.01 / (1 - $B$13 * 0.01) -> 332.80588 | G39: =G$38 * $B$13 * 0.01 / (1 - $B$13 * 0.01) -> 371.25882 | H39: =H$38 * $B$13 * 0.01 / (1 - $B$13 * 0.01) -> 42.847059 | I39: =I$38 * $B$13 * 0.01 / (1 - $B$13 * 0.01) -> 353.41765 | J39: =J$38 * $B$13 * 0.01 / (1 - $B$13 * 0.01) -> 4.0190471 | K39: =K$38 * $B$13 * 0.01 / (1 - $B$13 * 0.01) -> 1744.4249 | L39: =E39 * $C$21 * 0.001 -> 192.46765 | M39: =F39 * $C$21 * 0.001 -> 91.521618 | N39: =G39 * $C$21 * 0.001 -> 102.09618 | O39: =H39 * $C$21 * 0.001 -> 11.782941 | P39: =I39 * $C$21 * 0.001 -> 97.189853 | Q39: =J39 * $C$21 * 0.001 -> 1.1052379 | R39: =K39 * $C$21 * 0.001 -> 479.71686
A40: Frost losses, with AFP | E40: =E$38 * $C$13 * 0.01 / (1 - $B$13 * 0.01) -> 93.317647 | F40: =F$38 * $C$13 * 0.01 / (1 - $B$13 * 0.01) -> 44.374118 | G40: =G$38 * $C$13 * 0.01 / (1 - $B$13 * 0.01) -> 49.501176 | H40: =H$38 * $C$13 * 0.01 / (1 - $B$13 * 0.01) -> 5.7129412 | I40: =I$38 * $C$13 * 0.01 / (1 - $B$13 * 0.01) -> 47.122353 | J40: =J$38 * $C$13 * 0.01 / (1 - $B$13 * 0.01) -> 0.53587294 | K40: =K$38 * $C$13 * 0.01 / (1 - $B$13 * 0.01) -> 232.58999 | L40: =E40 * $C$21 * 0.001 -> 25.662353 | M40: =F40 * $C$21 * 0.001 -> 12.202882 | N40: =G40 * $C$21 * 0.001 -> 13.612824 | O40: =H40 * $C$21 * 0.001 -> 1.5710588 | P40: =I40 * $C$21 * 0.001 -> 12.958647 | Q40: =J40 * $C$21 * 0.001 -> 0.14736506 | R40: =K40 * $C$21 * 0.001 -> 63.962247
A41: Potential savings due to AFP | E41: =E39 - E40 -> 606.56471 | F41: =F39 - F40 -> 288.43176 | G41: =G39 - G40 -> 321.75765 | H41: =H39 - H40 -> 37.134118 | I41: =I39 - I40 -> 306.29529 | J41: =J39 - J40 -> 3.4831741 | K41: =K39 - K40 -> 1511.8349 | L41: =L39 - L40 -> 166.80529 | ... R41: =R39 - R40 -> 415.75461
A43: Wheat and Barley Combined
E44: Production ('000 tonnes) | L44: Value (AUD m)
E45: WA | F45: NSW | G45: Vic | H45: Qld | I45: SA | J45: Tas | K45: Australia | L45: WA | M45: NSW | N45: Vic | O45: Qld | P45: SA | Q45: Tas | R45: Australia
A46: 10 year average | E46: =E26 + E38 -> 12817.5 | F46: =F26 + F38 -> 8567.7 | G46: =G26 + G38 -> 5514.6 | H46: =H26 + H38 -> 1388 | I46: =I26 + I38 -> 6068.3 | J46: =J26 + J38 -> 58.6746 | K46: =K26 + K38 -> 33920.375 | L46: =L26 + L38 -> 4409.9625 | ... R46: =R26 + R38 -> 11731.633
A47: Frost losses, no AFP | E47: =E27 + E39 -> 2261.9118 | F47: =F27 + F39 -> 1511.9471 | G47: =G27 + G39 -> 973.16471 | H47: =H27 + H39 -> 244.94118 | I47: =I27 + I39 -> 1070.8765 | J47: =J27 + J39 -> 10.354341 | K47: =K27 + K39 -> 5985.9485 | L47: =L27 + L39 -> 778.22868 | ... R47: =R27 + R39 -> 2070.2882
A48: Frost losses, with AFP | E48: =E28 + E40 -> 301.58824 | F48: =F28 + F40 -> 201.59294 | G48: =G28 + G40 -> 129.75529 | H48: =H28 + H40 -> 32.658824 | I48: =I28 + I40 -> 142.78353 | J48: =J28 + J40 -> 1.3805788 | K48: =K28 + K40 -> 798.12646 | L48: =L28 + L40 -> 103.76382 | ... R48: =R28 + R40 -> 276.03842
A49: Potential savings due to AFP | E49: =E47 - E48 -> 1960.3235 | F49: =F47 - F48 -> 1310.3541 | G49: =G47 - G48 -> 843.40941 | H49: =H47 - H48 -> 212.28235 | I49: =I47 - I48 -> 928.09294 | J49: =J47 - J48 -> 8.9737624 | K49: =K47 - K48 -> 5187.822 | L49: =L47 - L48 -> 674.46485 | ... R49: =R47 - R48 -> 1794.2498
A50: Drought losses, no HB4 | E50: =E30 -> 2212.875 | F50: =F30 -> 1336.36 | G50: =G30 -> 682.16 | H50: =H30 -> 229.04 | I50: =I30 -> 813.12 | J50: =J30 -> 7.18 | K50: =K30 -> 4807.06 | L50: =L30 -> 829.82812 | ... R50: =R30 -> 1802.6475
A51: Drought losses, with HB4 | E51: =E31 -> 221.2875 | F51: =F31 -> 133.636 | G51: =G31 -> 68.216 | H51: =H31 -> 22.904 | I51: =I31 -> 81.312 | J51: =J31 -> 0.718 | K51: =K31 -> 480.706 | L51: =L31 -> 82.982813 | ... R51: =R31 -> 180.26475
A52: Potential savings due to HB4 | E52: =E50 - E51 -> 1991.5875 | F52: =F50 - F51 -> 1202.724 | G52: =G50 - G51 -> 613.944 | H52: =H50 - H51 -> 206.136 | I52: =I50 - I51 -> 731.808 | J52: =J50 - J51 -> 6.462 | K52: =K50 - K51 -> 4326.354 | L52: =L50 - L51 -> 746.84531 | ... R52: =R50 - R51 -> 1622.3828
A53: Potential savings due to AFP and HB4 | E53: =E49 + E52 -> 3951.911 | F53: =F49 + F52 -> 2513.0781 | G53: =G49 + G52 -> 1457.3534 | H53: =H49 + H52 -> 418.41835 | I53: =I49 + I52 -> 1659.9009 | J53: =J49 + J52 -> 15.435762 | K53: =K49 + K52 -> 9514.176 | L53: =L49 + L52 -> 1421.3102 | ... R53: =R49 + R52 -> 3416.6325

Sheet Revenue
A1: Projected Revenue
A3: Summary
A4: Year | B4: Projected Revenue
B5: AUD m/yr
A6: 2024 | B6: =K52 -> 0
A7: 2026 | B7: =K54 -> 2.7640595
A8: 2028 | B8: =K56 -> 38.511675
A9: 2030 | B9: =K58 -> 83.633679
A10: 2032 | B10: =K60 -> 112.20445
A11: 2034 | B11: =K62 -> 133.47744
A13: Assumptions
C14: Annual wheat production | D14: ='Crop Data'!H28 -> 24035.3 | E14: '000 tonnes
C15: Annual barley production | D15: ='Crop Data'!H109 -> 9885.0746 | E15: '000 tonnes
C16: End Point Royalty (EPR) for AFP | D16: 5 | E16: AUD
C17: EPR for HB4 | D17: 10 | E17: AUD
C18: GB share of EPR for HB4 | D18: 5 | E18: AUD
A20: Adoption Curves
G21: 2 | H21: 2 | I21: 2
B22: 1 | C22: 2 | D22: 3 | E22: 4
A23: Year | B23: No-Till | C23: Medium | D23: Mace | E23: Custom | G23: Uptake of AFP in Wheat | H23: Uptake of AFP in Barley | I23: Uptake of HB4 in Wheat
B24: % | C24: % | D24: % | E24: % | G24: % | H24: % | I24: %
A25: 0 | B25: 0 | C25: 0 | D25: 0 | E25: 0 | G25: =OFFSET(A25, 0, $G$21) -> 0 | H25: =OFFSET(A25, 0, $H$21) -> 0 | I25: =OFFSET(A25, 0, $I$21) -> 0
A26: 1 | B26: 0.1 | C26: 2.3 | D26: 4.5 | E26: 0.1 | G26: =OFFSET(A26, 0, $G$21) -> 2.3 | H26: =OFFSET(A26, 0, $H$21) -> 2.3 | I26: =OFFSET(A26, 0, $I$21) -> 2.3
A27: 2 | B27: 0.2 | C27: 9.6 | D27: 19 | E27: 0.2 | G27: =OFFSET(A27, 0, $G$21) -> 9.6 | H27: =OFFSET(A27, 0, $H$21) -> 9.6 | I27: =OFFSET(A27, 0, $I$21) -> 9.6
A28: 3 | B28: 1 | C28: 21.5 | D28: 42 | E28: 0.5 | G28: =OFFSET(A28, 0, $G$21) -> 21.5 | H28: =OFFSET(A28, 0, $H$21) -> 21.5 | I28: =OFFSET(A28, 0, $I$21) -> 21.5
A29: 4 | B29: 2.5 | C29: 28.25 | D29: 54 | E29: 1 | G29: =OFFSET(A29, 0, $G$21) -> 28.25 | H29: =OFFSET(A29, 0, $H$21) -> 28.25 | I29: =OFFSET(A29, 0, $I$21) -> 28.25
A30: 5 | B30: 5 | C30: 32.5 | D30: 60 | E30: 2 | G30: =OFFSET(A30, 0, $G$21) -> 32.5 | H30: =OFFSET(A30, 0, $H$21) -> 32.5 | I30: =OFFSET(A30, 0, $I$21) -> 32.5
A31: 6 | B31: 9 | C31: 38.5 | D31: 68 | E31: 5 | G31: =OFFSET(A31, 0, $G$21) -> 38.5 | H31: =OFFSET(A31, 0, $H$21) -> 38.5 | I31: =OFFSET(A31, 0, $I$21) -> 38.5
A32: 7 | B32: 15 | C32: 41.5 | D32: 68 | E32: 10 | G32: =OFFSET(A32, 0, $G$21) -> 41.5 | H32: =OFFSET(A32, 0, $H$21) -> 41.5 | I32: =OFFSET(A32, 0, $I$21) -> 41.5
A33: 8 | B33: 22 | C33: 45 | D33: 68 | E33: 20 | G33: =OFFSET(A33, 0, $G$21) -> 45 | H33: =OFFSET(A33, 0, $H$21) -> 45 | I33: =OFFSET(A33, 0, $I$21) -> 45
A34: 9 | B34: 30 | C34: 49 | D34: 68 | E34: 30 | G34: =OFFSET(A34, 0, $G$21) -> 49 | H34: =OFFSET(A34, 0, $H$21) -> 49 | I34: =OFFSET(A34, 0, $I$21) -> 49
A35: 10 | B35: 37 | C35: 52.5 | D35: 68 | E35: 40 | G35: =OFFSET(A35, 0, $G$21) -> 52.5 | H35: =OFFSET(A35, 0, $H$21) -> 52.5 | I35: =OFFSET(A35, 0, $I$21) -> 52.5
A36: 11 | B36: 44.5 | C36: 56.25 | D36: 68 | E36: 50 | G36: =OFFSET(A36, 0, $G$21) -> 56.25 | H36: =OFFSET(A36, 0, $H$21) -> 56.25 | I36: =OFFSET(A36, 0, $I$21) -> 56.25
... A44: 19 | B44: 60 | C44: 64 | D44: 68 | E44: 70 | G44: =OFFSET(A44, 0, $G$21) -> 64 | H44: =OFFSET(A44, 0, $H$21) -> 64 | I44: =OFFSET(A44, 0, $I$21) -> 64
F46: First year of adoption | G46: 2026 | H46: 2028 | I46: 2027
A48: Revenue Projection
A49: Year | B49: Uptake of AFP in Wheat | C49: Wheat with AFP | D49: EPR to GB from AFP in Wheat | E49: Uptake of AFP in Barley | F49: Barley with AFP | G49: EPR to GB from AFP in Barley | H49: Uptake of HB4 | I49: Wheat with HB4 | J49: EPR to GB from HB4 in Wheat | K49: Total EPR to GB
B50: % | C50: '000 tonnes | D50: AUD m | E50: % | F50: '000 tonnes | G50: AUD m | H50: % | I50: '000 tonnes | J50: AUD m | K50: AUD m
A51: 2023 | B51: =IF($A51 >= $G$46, OFFSET($G$25, $A51 - $G$46 + 1, 0), 0) -> 0 | C51: =B51 * $D$14 * 0.01 -> 0 | D51: =C51 * $D$16 * 0.001 -> 0 | E51: =IF($A51 >= $H$46, OFFSET($H$25, $A51 - $H$46 + 1, 0), 0) -> 0 | H51: =IF($A51 >= $I$46, OFFSET($I$25, $A51 - $I$46 + 1, 0), 0) -> 0 | I51: =H51 * $D$14 * 0.01 -> 0 | J51: =I51 * $D$18 * 0.001 -> 0 | K51: =D51 + J51 + G51 -> 0
A52: 2024 | B52: =IF($A52 >= $G$46, OFFSET($G$25, $A52 - $G$46 + 1, 0), 0) -> 0 | C52: =B52 * $D$14 * 0.01 -> 0 | D52: =C52 * $D$16 * 0.001 -> 0 | E52: =IF($A52 >= $H$46, OFFSET($H$25, $A52 - $H$46 + 1, 0), 0) -> 0 | H52: =IF($A52 >= $I$46, OFFSET($I$25, $A52 - $I$46 + 1, 0), 0) -> 0 | I52: =H52 * $D$14 * 0.01 -> 0 | J52: =I52 * $D$18 * 0.001 -> 0 | K52: =D52 + J52 + G52 -> 0
A53: 2025 | B53: =IF($A53 >= $G$46, OFFSET($G$25, $A53 - $G$46 + 1, 0), 0) -> 0 | C53: =B53 * $D$14 * 0.01 -> 0 | D53: =C53 * $D$16 * 0.001 -> 0 | E53: =IF($A53 >= $H$46, OFFSET($H$25, $A53 - $H$46 + 1, 0), 0) -> 0 | H53: =IF($A53 >= $I$46, OFFSET($I$25, $A53 - $I$46 + 1, 0), 0) -> 0 | I53: =H53 * $D$14 * 0.01 -> 0 | J53: =I53 * $D$18 * 0.001 -> 0 | K53: =D53 + J53 + G53 -> 0
A54: 2026 | B54: =IF($A54 >= $G$46, OFFSET($G$25, $A54 - $G$46 + 1, 0), 0) -> 2.3 | C54: =B54 * $D$14 * 0.01 -> 552.8119 | D54: =C54 * $D$16 * 0.001 -> 2.7640595 | E54: =IF($A54 >= $H$46, OFFSET($H$25, $A54 - $H$46 + 1, 0), 0) -> 0 | H54: =IF($A54 >= $I$46, OFFSET($I$25, $A54 - $I$46 + 1, 0), 0) -> 0 | I54: =H54 * $D$14 * 0.01 -> 0 | J54: =I54 * $D$18 * 0.001 -> 0 | K54: =D54 + J54 + G54 -> 2.7640595
A55: 2027 | B55: =IF($A55 >= $G$46, OFFSET($G$25, $A55 - $G$46 + 1, 0), 0) -> 9.6 | C55: =B55 * $D$14 * 0.01 -> 2307.3888 | D55: =C55 * $D$16 * 0.001 -> 11.536944 | E55: =IF($A55 >= $H$46, OFFSET($H$25, $A55 - $H$46 + 1, 0), 0) -> 0 | F55: =E55 * $D$15 * 0.01 -> 0 | G55: =F55 * $D$16 * 0.001 -> 0 | H55: =IF($A55 >= $I$46, OFFSET($I$25, $A55 - $I$46 + 1, 0), 0) -> 2.3 | I55: =H55 * $D$14 * 0.01 -> 552.8119 | J55: =I55 * $D$18 * 0.001 -> 2.7640595 | K55: =D55 + J55 + G55 -> 14.301004
A56: 2028 | B56: =IF($A56 >= $G$46, OFFSET($G$25, $A56 - $G$46 + 1, 0), 0) -> 21.5 | C56: =B56 * $D$14 * 0.01 -> 5167.5895 | D56: =C56 * $D$16 * 0.001 -> 25.837948 | E56: =IF($A56 >= $H$46, OFFSET($H$25, $A56 - $H$46 + 1, 0), 0) -> 2.3 | F56: =E56 * $D$15 * 0.01 -> 227.35672 | G56: =F56 * $D$16 * 0.001 -> 1.1367836 | H56: =IF($A56 >= $I$46, OFFSET($I$25, $A56 - $I$46 + 1, 0), 0) -> 9.6 | I56: =H56 * $D$14 * 0.01 -> 2307.3888 | J56: =I56 * $D$18 * 0.001 -> 11.536944 | K56: =D56 + J56 + G56 -> 38.511675
A57: 2029 | B57: =IF($A57 >= $G$46, OFFSET($G$25, $A57 - $G$46 + 1, 0), 0) -> 28.25 | C57: =B57 * $D$14 * 0.01 -> 6789.9722 | D57: =C57 * $D$16 * 0.001 -> 33.949861 | E57: =IF($A57 >= $H$46, OFFSET($H$25, $A57 - $H$46 + 1, 0), 0) -> 9.6 | F57: =E57 * $D$15 * 0.01 -> 948.96716 | G57: =F57 * $D$16 * 0.001 -> 4.7448358 | H57: =IF($A57 >= $I$46, OFFSET($I$25, $A57 - $I$46 + 1, 0), 0) -> 21.5 | I57: =H57 * $D$14 * 0.01 -> 5167.5895 | J57: =I57 * $D$18 * 0.001 -> 25.837948 | K57: =D57 + J57 + G57 -> 64.532645
A58: 2030 | B58: =IF($A58 >= $G$46, OFFSET($G$25, $A58 - $G$46 + 1, 0), 0) -> 32.5 | C58: =B58 * $D$14 * 0.01 -> 7811.4725 | D58: =C58 * $D$16 * 0.001 -> 39.057363 | E58: =IF($A58 >= $H$46, OFFSET($H$25, $A58 - $H$46 + 1, 0), 0) -> 21.5 | F58: =E58 * $D$15 * 0.01 -> 2125.291 | G58: =F58 * $D$16 * 0.001 -> 10.626455 | H58: =IF($A58 >= $I$46, OFFSET($I$25, $A58 - $I$46 + 1, 0), 0) -> 28.25 | I58: =H58 * $D$14 * 0.01 -> 6789.9722 | J58: =I58 * $D$18 * 0.001 -> 33.949861 | K58: =D58 + J58 + G58 -> 83.633679
A59: 2031 | B59: =IF($A59 >= $G$46, OFFSET($G$25, $A59 - $G$46 + 1, 0), 0) -> 38.5 | C59: =B59 * $D$14 * 0.01 -> 9253.5905 | D59: =C59 * $D$16 * 0.001 -> 46.267952 | E59: =IF($A59 >= $H$46, OFFSET($H$25, $A59 - $H$46 + 1, 0), 0) -> 28.25 | F59: =E59 * $D$15 * 0.01 -> 2792.5336 | G59: =F59 * $D$16 * 0.001 -> 13.962668 | H59: =IF($A59 >= $I$46, OFFSET($I$25, $A59 - $I$46 + 1, 0), 0) -> 32.5 | I59: =H59 * $D$14 * 0.01 -> 7811.4725 | J59: =I59 * $D$18 * 0.001 -> 39.057363 | K59: =D59 + J59 + G59 -> 99.287983
A60: 2032 | B60: =IF($A60 >= $G$46, OFFSET($G$25, $A60 - $G$46 + 1, 0), 0) -> 41.5 | C60: =B60 * $D$14 * 0.01 -> 9974.6495 | D60: =C60 * $D$16 * 0.001 -> 49.873247 | E60: =IF($A60 >= $H$46, OFFSET($H$25, $A60 - $H$46 + 1, 0), 0) -> 32.5 | F60: =E60 * $D$15 * 0.01 -> 3212.6492 | G60: =F60 * $D$16 * 0.001 -> 16.063246 | H60: =IF($A60 >= $I$46, OFFSET($I$25, $A60 - $I$46 + 1, 0), 0) -> 38.5 | I60: =H60 * $D$14 * 0.01 -> 9253.5905 | J60: =I60 * $D$18 * 0.001 -> 46.267952 | K60: =D60 + J60 + G60 -> 112.20445
A61: 2033 | B61: =IF($A61 >= $G$46, OFFSET($G$25, $A61 - $G$46 + 1, 0), 0) -> 45 | C61: =B61 * $D$14 * 0.01 -> 10815.885 | D61: =C61 * $D$16 * 0.001 -> 54.079425 | E61: =IF($A61 >= $H$46, OFFSET($H$25, $A61 - $H$46 + 1, 0), 0) -> 38.5 | F61: =E61 * $D$15 * 0.01 -> 3805.7537 | G61: =F61 * $D$16 * 0.001 -> 19.028769 | H61: =IF($A61 >= $I$46, OFFSET($I$25, $A61 - $I$46 + 1, 0), 0) -> 41.5 | I61: =H61 * $D$14 * 0.01 -> 9974.6495 | J61: =I61 * $D$18 * 0.001 -> 49.873247 | K61: =D61 + J61 + G61 -> 122.98144
A62: 2034 | B62: =IF($A62 >= $G$46, OFFSET($G$25, $A62 - $G$46 + 1, 0), 0) -> 49 | C62: =B62 * $D$14 * 0.01 -> 11777.297 | D62: =C62 * $D$16 * 0.001 -> 58.886485 | E62: =IF($A62 >= $H$46, OFFSET($H$25, $A62 - $H$46 + 1, 0), 0) -> 41.5 | F62: =E62 * $D$15 * 0.01 -> 4102.306 | G62: =F62 * $D$16 * 0.001 -> 20.51153 | H62: =IF($A62 >= $I$46, OFFSET($I$25, $A62 - $I$46 + 1, 0), 0) -> 45 | I62: =H62 * $D$14 * 0.01 -> 10815.885 | J62: =I62 * $D$18 * 0.001 -> 54.079425 | K62: =D62 + J62 + G62 -> 133.47744
A63: 2035 | B63: =IF($A63 >= $G$46, OFFSET($G$25, $A63 - $G$46 + 1, 0), 0) -> 52.5 | C63: =B63 * $D$14 * 0.01 -> 12618.533 | D63: =C63 * $D$16 * 0.001 -> 63.092663 | E63: =IF($A63 >= $H$46, OFFSET($H$25, $A63 - $H$46 + 1, 0), 0) -> 45 | F63: =E63 * $D$15 * 0.01 -> 4448.2836 | G63: =F63 * $D$16 * 0.001 -> 22.241418 | H63: =IF($A63 >= $I$46, OFFSET($I$25, $A63 - $I$46 + 1, 0), 0) -> 49 | I63: =H63 * $D$14 * 0.01 -> 11777.297 | J63: =I63 * $D$18 * 0.001 -> 58.886485 | K63: =D63 + J63 + G63 -> 144.22057
A64: 2036 | B64: =IF($A64 >= $G$46, OFFSET($G$25, $A64 - $G$46 + 1, 0), 0) -> 56.25 | C64: =B64 * $D$14 * 0.01 -> 13519.856 | D64: =C64 * $D$16 * 0.001 -> 67.599281 | E64: =IF($A64 >= $H$46, OFFSET($H$25, $A64 - $H$46 + 1, 0), 0) -> 49 | F64: =E64 * $D$15 * 0.01 -> 4843.6866 | G64: =F64 * $D$16 * 0.001 -> 24.218433 | H64: =IF($A64 >= $I$46, OFFSET($I$25, $A64 - $I$46 + 1, 0), 0) -> 52.5 | I64: =H64 * $D$14 * 0.01 -> 12618.533 | J64: =I64 * $D$18 * 0.001 -> 63.092663 | K64: =D64 + J64 + G64 -> 154.91038
A65: 2037 | B65: =IF($A65 >= $G$46, OFFSET($G$25, $A65 - $G$46 + 1, 0), 0) -> 59 | C65: =B65 * $D$14 * 0.01 -> 14180.827 | D65: =C65 * $D$16 * 0.001 -> 70.904135 | E65: =IF($A65 >= $H$46, OFFSET($H$25, $A65 - $H$46 + 1, 0), 0) -> 52.5 | F65: =E65 * $D$15 * 0.01 -> 5189.6642 | G65: =F65 * $D$16 * 0.001 -> 25.948321 | H65: =IF($A65 >= $I$46, OFFSET($I$25, $A65 - $I$46 + 1, 0), 0) -> 56.25 | I65: =H65 * $D$14 * 0.01 -> 13519.856 | J65: =I65 * $D$18 * 0.001 -> 67.599281 | K65: =D65 + J65 + G65 -> 164.45174
A66: 2038 | B66: =IF($A66 >= $G$46, OFFSET($G$25, $A66 - $G$46 + 1, 0), 0) -> 60.75 | C66: =B66 * $D$14 * 0.01 -> 14601.445 | D66: =C66 * $D$16 * 0.001 -> 73.007224 | E66: =IF($A66 >= $H$46, OFFSET($H$25, $A66 - $H$46 + 1, 0), 0) -> 56.25 | F66: =E66 * $D$15 * 0.01 -> 5560.3545 | G66: =F66 * $D$16 * 0.001 -> 27.801772 | H66: =IF($A66 >= $I$46, OFFSET($I$25, $A66 - $I$46 + 1, 0), 0) -> 59 | I66: =H66 * $D$14 * 0.01 -> 14180.827 | J66: =I66 * $D$18 * 0.001 -> 70.904135 | K66: =D66 + J66 + G66 -> 171.71313
... A70: 2042 | B70: =IF($A70 >= $G$46, OFFSET($G$25, $A70 - $G$46 + 1, 0), 0) -> 62.95 | C70: =B70 * $D$14 * 0.01 -> 15130.221 | D70: =C70 * $D$16 * 0.001 -> 75.651107 | E70: =IF($A70 >= $H$46, OFFSET($H$25, $A70 - $H$46 + 1, 0), 0) -> 62.35 | F70: =E70 * $D$15 * 0.01 -> 6163.344 | G70: =F70 * $D$16 * 0.001 -> 30.81672 | H70: =IF($A70 >= $I$46, OFFSET($I$25, $A70 - $I$46 + 1, 0), 0) -> 62.65 | I70: =H70 * $D$14 * 0.01 -> 15058.115 | J70: =I70 * $D$18 * 0.001 -> 75.290577 | K70: =D70 + J70 + G70 -> 181.7584

Sheet Costs
A1: Projected Costs
A3: Annual Costs
A4: Description | E4: Unit Cost | F4: Quantity | G4: Cost
E5: AUD per year or hour | G5: AUD/year
A6: AFP
A7: John Fosu-Nyarko | E7: 120000 | F7: 0.8 | G7: =E7 * F7 -> 96000
A8: PhD student or assistant for John | E8: 100000 | F8: 0.8 | G8: =E8 * F8 -> 80000
A9: Technicans | E9: 80000 | F9: 4 | G9: =E9 * F9 -> 320000
A10: Lab space and equipment | E10: 150000 | F10: 1 | G10: =E10 * F10 -> 150000
A11: Field trials | E11: 30000 | F11: 1 | G11: =E11 * F11 -> 30000
A12: University fee | E12: =SUM(G7:G11) -> 676000 | F12: 0.1 | G12: =E12 * F12 -> 67600
A13: Research or advice: Mike and Jon?? | E13: 120000 | F13: 0.5 | G13: =E13 * F13 -> 60000
G14: =SUM(G7:G12) -> 743600
A16: Licensing
A17: CRISPR | G17: 500000
G18: =SUM(G17:G17) -> 500000
A20: IP
A21: Retain lawyer for strategy advice | G21: 5000
A22: Legal protection of AFP, if it passes trials | G22: 250000
G23: =SUM(G21:G22) -> 255000
A25: Marketing, Sales, EPR
A26: Bill Crabtree: word of mouth, conferences | E26: 120000 | F26: 0.2 | G26: =E26 * F26 -> 24000
A27: Seeds, distribution, EPR/closed loop, marketing | E27: 30000 | F27: 1 | G27: =E27 * F27 -> 30000
A28: Material (website, posters, cards) | G28: 20000
G29: =SUM(G26:G28) -> 74000
A31: Company
A32: Directors | E32: 15000 | F32: 4 | G32: =E32 * F32 -> 60000
A33: Business advisor | E33: 100 | F33: =50 * 4 -> 200 | G33: =E33 * F33 -> 20000
A34: Accountant | G34: 15000
A35: Bookkeeper (Jean) | E35: 30 | F35: =50 * 4 -> 200 | G35: =E35 * F35 -> 6000
G36: =SUM(G32:G35) -> 101000
A38: Total | G38: =G14 + G18 + G23 + G29 + G36 -> 1673600

Sheet Earnings
A1: Projected Earnings
A3: Assumptions
C4: Annual cost escalation | D4: 25 | E4: %
C5: Number of shares | D5: 3.5 | E5: m
C6: Effective corporate tax rate | D6: 25 | E6: %
C7: Discount rate | D7: 8 | E7: %
A9: Profits
A10: Year | B10: Revenue | C10: Costs | D10: Earnings Before Tax | E10: Earnings | F10: EPS | G10: NPV of EPS
B11: AUD m | C11: AUD m | D11: AUD m | E11: AUD m | F11: AUD | G11: AUD
A12: 2023 | B12: =Revenue!K51 -> 0 | C12: =Costs!$G$38 * 0.000001 -> 1.6736 | D12: =B12 - C12 -> -1.6736 | E12: =D12 * IF(D12 <= 0, 1, (1 - $D$6 * 0.01)) -> -1.6736 | F12: =E12 / $D$5 -> -0.47817143 | G12: =(1 - $D$7 * 0.01)^(A12 - 2023) * F12 -> -0.47817143
A13: 2024 | B13: =Revenue!K52 -> 0 | C13: =C12 * (1 + $D$4 * 0.01) -> 2.092 | D13: =B13 - C13 -> -2.092 | E13: =D13 * IF(D13 <= 0, 1, (1 - $D$6 * 0.01)) -> -2.092 | F13: =E13 / $D$5 -> -0.59771429 | G13: =(1 - $D$7 * 0.01)^(A13 - 2023) * F13 -> -0.54989714
A14: 2025 | B14: =Revenue!K53 -> 0 | C14: =C13 * (1 + $D$4 * 0.01) -> 2.615 | D14: =B14 - C14 -> -2.615 | E14: =D14 * IF(D14 <= 0, 1, (1 - $D$6 * 0.01)) -> -2.615 | F14: =E14 / $D$5 -> -0.74714286 | G14: =(1 - $D$7 * 0.01)^(A14 - 2023) * F14 -> -0.63238171
A15: 2026 | B15: =Revenue!K54 -> 2.7640595 | C15: =C14 * (1 + $D$4 * 0.01) -> 3.26875 | D15: =B15 - C15 -> -0.5046905 | E15: =D15 * IF(D15 <= 0, 1, (1 - $D$6 * 0.01)) -> -0.5046905 | F15: =E15 / $D$5 -> -0.14419729 | G15: =(1 - $D$7 * 0.01)^(A15 - 2023) * F15 -> -0.1122847
A16: 2027 | B16: =Revenue!K55 -> 14.301004 | C16: =C15 * (1 + $D$4 * 0.01) -> 4.0859375 | D16: =B16 - C16 -> 10.215066 | E16: =D16 * IF(D16 <= 0, 1, (1 - $D$6 * 0.01)) -> 7.6612995 | F16: =E16 / $D$5 -> 2.1889427 | G16: =(1 - $D$7 * 0.01)^(A16 - 2023) * F16 -> 1.5681432
A17: 2028 | B17: =Revenue!K56 -> 38.511675 | C17: =C16 * (1 + $D$4 * 0.01) -> 5.1074219 | D17: =B17 - C17 -> 33.404253 | E17: =D17 * IF(D17 <= 0, 1, (1 - $D$6 * 0.01)) -> 25.05319 | F17: =E17 / $D$5 -> 7.1580543 | G17: =(1 - $D$7 * 0.01)^(A17 - 2023) * F17 -> 4.7177413
A18: 2029 | B18: =Revenue!K57 -> 64.532645 | C18: =C17 * (1 + $D$4 * 0.01) -> 6.3842773 | D18: =B18 - C18 -> 58.148367 | E18: =D18 * IF(D18 <= 0, 1, (1 - $D$6 * 0.01)) -> 43.611275 | F18: =E18 / $D$5 -> 12.460364 | G18: =(1 - $D$7 * 0.01)^(A18 - 2023) * F18 -> 7.5554043
A19: 2030 | B19: =Revenue!K58 -> 83.633679 | C19: =C18 * (1 + $D$4 * 0.01) -> 7.9803467 | D19: =B19 - C19 -> 75.653332 | E19: =D19 * IF(D19 <= 0, 1, (1 - $D$6 * 0.01)) -> 56.739999 | F19: =E19 / $D$5 -> 16.211428 | G19: =(1 - $D$7 * 0.01)^(A19 - 2023) * F19 -> 9.0434902
A20: 2031 | B20: =Revenue!K59 -> 99.287983 | C20: =C19 * (1 + $D$4 * 0.01) -> 9.9754333 | D20: =B20 - C20 -> 89.31255 | E20: =D20 * IF(D20 <= 0, 1, (1 - $D$6 * 0.01)) -> 66.984412 | F20: =E20 / $D$5 -> 19.138403 | G20: =(1 - $D$7 * 0.01)^(A20 - 2023) * F20 -> 9.8221899
A21: 2032 | B21: =Revenue!K60 -> 112.20445 | C21: =C20 * (1 + $D$4 * 0.01) -> 12.469292 | D21: =B21 - C21 -> 99.735155 | E21: =D21 * IF(D21 <= 0, 1, (1 - $D$6 * 0.01)) -> 74.801366 | F21: =E21 / $D$5 -> 21.371819 | G21: =(1 - $D$7 * 0.01)^(A21 - 2023) * F21 -> 10.090947
A22: 2033 | B22: =Revenue!K61 -> 122.98144 | C22: =C21 * (1 + $D$4 * 0.01) -> 15.586615 | D22: =B22 - C22 -> 107.39483 | E22: =D22 * IF(D22 <= 0, 1, (1 - $D$6 * 0.01)) -> 80.54612 | F22: =E22 / $D$5 -> 23.013177 | G22: =(1 - $D$7 * 0.01)^(A22 - 2023) * F22 -> 9.9966584
A23: 2034 | B23: =Revenue!K62 -> 133.47744 | C23: =C22 * (1 + $D$4 * 0.01) -> 19.483268 | D23: =B23 - C23 -> 113.99417 | E23: =D23 * IF(D23 <= 0, 1, (1 - $D$6 * 0.01)) -> 85.495629 | F23: =E23 / $D$5 -> 24.427322 | G23: =(1 - $D$7 * 0.01)^(A23 - 2023) * F23 -> 9.7620711
A24: 2035 | B24: =Revenue!K63 -> 144.22057 | C24: =C23 * (1 + $D$4 * 0.01) -> 24.354085 | D24: =B24 - C24 -> 119.86648 | E24: =D24 * IF(D24 <= 0, 1, (1 - $D$6 * 0.01)) -> 89.89986 | F24: =E24 / $D$5 -> 25.685674 | G24: =(1 - $D$7 * 0.01)^(A24 - 2023) * F24 -> 9.4437591
... A31: 2042 | B31: =Revenue!K70 -> 181.7584 | C31: =C30 * (1 + $D$4 * 0.01) -> 116.12933 | D31: =B31 - C31 -> 65.629076 | E31: =D31 * IF(D31 <= 0, 1, (1 - $D$6 * 0.01)) -> 49.221807 | F31: =E31 / $D$5 -> 14.063373 | G31: =(1 - $D$7 * 0.01)^(A31 - 2023) * F31 -> 2.8844182
A33: Share Valuation, by Earnings per Share
A34: Earnings per share, 2028 - 2030 | D34: =AVERAGE(F17:F19) -> 11.943282 | E34: AUD
A35: PE ratio | D35: 20
A36: Chances of achieving earnings | D36: 10 | E36: %
A37: Discount seven years forward | D37: =(1 - $D$7 * 0.01)^7 -> 0.5578466
A38: Tentative GB share price now | D38: =D34 * D35 * (D36 * 0.01) * D37 -> 13.325039 | E38: AUD
A39: Market cap | D39: =D38 * $D$5 / 0.49 -> 95.178849 | E39: AUD m
A41: Share Valuation, by Comparison to Bioceres
A42: Bioceres revenue 2022 | D42: =500 * 1.4 -> 700 | E42: AUD m
A43: Bioceres number of shares 2022 | D43: 63 | E43: m
A44: Bioceres revenue per share | D44: =D42 / D43 -> 11.111111 | E44: AUD
A45: Bioceres share price 2022 | D45: =14 * 1.4 -> 19.6 | E45: AUD
A46: Bioceres revenue multiple | D46: =D45 / D44 -> 1.764
A47: Bioceres market cap | D47: =D43 * D45 -> 1234.8 | E47: AUD m
A49: GB revenue, 2028 - 2030 | D49: =AVERAGE(B17:B19) -> 62.226 | E49: AUD m
A50: GB number of shares | D50: =D5 -> 3.5 | E50: m
A51: GB revenue per share | D51: =D49 / D50 -> 17.778857 | E51: AUD
A52: Discount seven years forward | D52: =(1 - $D$7 * 0.01)^7 -> 0.5578466
A53: GB share price estimate | D53: =D51 * D46 * D52 -> 17.495131 | E53: AUD
A54: GB market cap | D54: =D53 * $D$5 / 0.49 -> 124.96522 | E54: AUD m
A56: Share Valuation, by Net Present Value (NPV)
A57: Chances of achieving earnings | D57: 10 | E57: %
A58: Tentative GB share price now | D58: =SUM(G12:G31) * (D57 * 0.01) -> 11.442596 | E58: AUD
A59: Market cap | D59: =D58 * $D$5 / 0.49 -> 81.732827 | E59: AUD m
